 Dungeon Crawl Stone Soup version bcrawl-1.19.2-6-g6a88ae04c9 (webtiles) character file.

Game seed: 7347288953899339804

46178 Mrkan the Grappler (level 14, -4/146 HPs)
             Began as a Troll Fighter on Dec 24, 2019.
             Was the Champion of Elyvilon.
             Slain by a two-headed ogre
             ... wielding a +0 giant club
              (13 damage)
             ... in the Orcish Mines.
             The game lasted 00:28:44 (14692 turns).

Mrkan the Grappler (Troll Fighter)                 Turns: 14692, Time: 00:28:45

Health: -4/146     AC: 12    Str: 27    XL:     14   Next: 3%
Magic:  19/19      EV:  9    Int:  9    God:    Elyvilon [******]
Gold:   734        SH: 20    Dex: 11    Spells: 13/13 levels left

rFire    . . .     SeeInvis .     - Unarmed
rCold    . . .     Gourm    +   J - +2 large shield
rNeg     . . .     Faith    .   (armour unavailable)
rPois    .         Spirit   .   (helmet restricted)
rElec    .         Reflect  .   v - +1 cloak {+Inv}
rCorr    .         Harm     .   (gloves unavailable)
MR       ++...                  (boots unavailable)
Stlth    +.........             b - amulet of the acrobat
HPRegen  1.14/turn              S - ring of protection from magic
MPRegen  0.16/turn              f - +2 ring of dexterity

@: no status effects
A: large, almost no armour, unfitting armour, claws 3, fast metabolism 3,
gourmand, regeneration 2, AC +10
a: Lesser Healing, Heal Other, Purification, Greater Healing, Divine Vigour,
Divine Protection, Renounce Religion, Evoke Invisibility


You were in the Orcish Mines.
You worshipped Elyvilon.
Elyvilon was exalted by your worship.
You were full.

You visited 3 branches of the dungeon, and saw 17 of its levels.
You also visited: Sewer and Ossuary.

You collected 998 gold pieces.
You spent 264 gold pieces at shops.

Inventory:

Hand Weapons
 R - the +11 war axe of the Eggplant {chop, rC++ Str-4 Dex+7, unknown}
   (You found it on level 2 of the Lair of Beasts)

   It inflicts extra damage upon your enemies.
   It affects your strength (-4).
   It affects your dexterity (+7).
   It greatly protects you from cold.
Missiles
 r - 67 javelins (quivered)
 y - 60 large rocks
Armour
 v - a +1 cloak of invisibility (worn)
 I - the +2 hat of the Bear Spirit {Spirit, +Rage rN+ MR++}
   (You found it on level 6 of the Lair of Beasts)

   It protects you from negative energy.
   It affects your resistance to hostile enchantments.
   It lets you go berserk.
 J - a +2 large shield (worn)
Jewellery
 b - an amulet of the acrobat (around neck)
 f - a +2 ring of dexterity (right claw)
 A - an uncursed ring of ice
 F - an uncursed ring of resist corrosion {unknown}
 M - an uncursed ring of positive energy
 Q - an uncursed ring of flight
 S - a ring of protection from magic (left claw)
 T - an uncursed amulet of magic regeneration
 V - an uncursed ring of stealth
Wands
 w - a wand of polymorph (21)
 D - a wand of acid (6)
 G - a wand of flame (17)
 L - a wand of disintegration (17)
 U - a wand of scattershot (3)
Scrolls
 a - 2 scrolls of identify
 d - 8 scrolls of teleportation
 e - a scroll of noise {unknown}
 g - 5 scrolls of enchant armour
 h - 7 scrolls of enchant weapon
 i - 4 scrolls of remove curse
 m - 4 scrolls of magic mapping
 n - 4 scrolls of blinking
 t - 3 scrolls of fear
 u - 2 scrolls of immolation
 B - 3 scrolls of amnesia
Potions
 k - 3 potions of mutation
 l - 7 potions of curing
 o - 3 potions of lignification
 p - 3 potions of flight
 q - a potion of resistance
 s - 2 potions of brilliance
 x - 3 potions of degeneration
 z - 3 potions of agility
 C - 3 potions of haste
 E - a potion of berserk rage {unknown}
 H - 3 potions of heal wounds
 K - a potion of ambrosia
 N - a potion of cancellation
Comestibles
 c - 18 rations {!d}


   Skills:
 + Level 11.3 Fighting
 - Level 2.4 Dodging
 * Level 10.4 Shields
 + Level 13.0 Unarmed Combat
 - Level 8.0 Invocations


You had 13 spell levels left.
You didn't know any spells.
Your spell library contained the following spells:

 Spells                   Type           Power        Failure   Level  Hunger
 Animate Skeleton         Necr           N/A          73%         1    ##.....
 Infusion                 Chrm           #.......     73%         1    ##.....
 Magic Dart               Conj           #...         73%         1    ##.....
 Pain                     Necr           #.....       73%         1    ##.....
 Sting                    Conj/Pois      #...         73%         1    ##.....
 Blink                    Tloc           N/A          86%         2    ###....
 Call Imp                 Summ           #.....       86%         2    ###....
 Poisonous Vapours        Pois/Air       #.....       86%         2    ###....
 Song of Slaying          Chrm           #.......     86%         2    ###....
 Conjure Flame            Conj/Fire      #.......     97%         3    ####...
 Ignite Poison            Fire/Tmut/Pois #.......     97%         3    ####...
 Mephitic Cloud           Conj/Pois/Air  #.......     97%         3    ####...
 Ozocubu's Armour         Chrm/Ice       #.......     97%         3    ####...
 Regeneration             Chrm/Necr      #.........   97%         3    ####...
 Spectral Weapon          Hex/Chrm       #.......     97%         3    ####...
 Spider Form              Tmut/Pois      #..          97%         3    ####...
 Vampiric Draining        Necr           #.........   97%         3    ####...
 Animate Dead             Necr           N/A          100%        4    #####..
 Olgreb's Toxic Radiance  Pois           #.......     100%        4    #####..
 Summon Scorpions         Summ/Pois      #.......     100%        4    #####..
 Bolt of Draining         Conj/Necr      #.........   100%        5    ######.
 Venom Bolt               Conj/Pois      #.........   100%        5    ######.


Dungeon Overview and Level Annotations

Branches:
Dungeon (10/12)            Temple (0/1) D:6            Lair (6/6) D:8
 Spider (0/3) Lair:4        Slime (0/5) Lair:5          Orc (1/1) D:9
  Swamp: Lair:2-4    Shoals: Lair:2-4       Elf: Orc:1

Altars:
Hepliaklqana
Okawaru
Trog
Jiyva

Shops:
D:4 [   D:8 [   D:9 (   Orc =

Annotations:
D:3 3 runed translucent doors, yrara's ghost, amateur GrFi
D:6 1 runed translucent door, Rivaler's ghost, novice GnWn
Lair:5 1 runed door


Innate Abilities, Weirdness & Mutations

You cannot wear most types of armour.
Your thick skin is tough. (AC +10)
You are too large for most types of armour.
You have claws for hands.
Your metabolism is lightning-fast.
You like to eat raw meat.
You heal very quickly.


Message History

The troll claws you but does no damage. The ogre closely misses you.
The two-headed ogre shouts in stereo!
The orc warrior shouts!
You mangle the ogre!!
You kill the ogre!
You hear a shout! x2
The two-headed ogre closely misses you. The two-headed ogre barely misses you.
A deep troll comes into view.
An orc high priest comes into view. It is wielding a +0 scimitar.
An orc sorcerer comes into view. It is wielding a +0 dagger.
The ogre mage points at the ogre and mumbles some strange words.
The ogre seems to speed up.
You block the orc's attack.
The two-headed ogre hits you with a cursed -1 giant club!!
* * * LOW HITPOINT WARNING * * *
The two-headed ogre completely misses you.
A troll comes into view.
You block the troll's attack. The troll claws you.
* * * LOW HITPOINT WARNING * * *
You block the troll's attack.
The two-headed ogre hits you with a +0 giant club!
You die...
Oo..... o

#..T.
TO.∩...#.#..o..
........#......
#..O...........
$...T....^.....
.$..o.OO.......
$....COoT......
.....OT@O......
......OTO......
.......o.......
$..............
......^.....$..
.............$.
.$.............
...............
...............


You could see an orc high priest, 5 two-headed ogres, an ogre mage, a deep troll
(wandering), a cyclops, 5 trolls, an orc sorcerer (wandering), 2 orc warriors, 4
ogres and 2 orcs.

Vanquished Creatures
  5 dire elephants (Lair:6)
  Josephine (Lair:5)
  An anaconda (Lair:6)
  Erica (D:8)
  A queen ant (Lair:3)
  A cyclops (D:7)
  Pikel (D:5)
  An oklob plant (Lair:1)
  A manticore (Lair:4)
  Maurice (D:9)
  An ugly thing (D:7)
  2 black mambas (Lair:6)
  10 elephants
  Joseph (D:8)
  A molten gargoyle (Lair:5)
  7 cane toads
  7 komodo dragons
  6 rime drakes
  2 jumping spiders (Lair:4)
  2 trolls
  Grinder (D:4)
  Prince Ribbit (Lair:2)
  9 hippogriffs
  17 dream sheep
  20 blink frogs
  A vampire (D:9)
  7 yaks (Lair:6)
  4 wraiths (Lair:5)
  3 wyverns
  2 basilisks
  A fire elemental (Lair:5)
  8 crocodiles
  16 soldier ants (Lair:3)
  14 water moccasins
  7 porcupines
  7 ice beasts
  2 orc warriors
  2 phantoms
  A sky beast (D:9)
  3 black bears
  A necrophage (D:8)
  11 ogres
  A centaur (D:8)
  A big kobold (Sewer)
  7 bullfrogs
  2 elf zombies (Ossuary)
  A wyvern zombie (D:9)
  3 scorpions
  3 killer bees
  4 wights (D:10)
  3 electric eels
  3 howler monkeys (D:9)
  3 bullfrog zombies
  4 crimson imps
  2 centaur zombies (Ossuary)
  4 hounds
  3 centaur skeletons
  3 orc priests
  Crazy Yiuf (D:4)
  A gnoll shaman (D:9)
  A bullfrog skeleton (D:5)
  2 iguanas
  Ijyb (D:5)
  9 orc wizards
  32 worker ants
  A killer bee zombie (D:8)
  A big kobold zombie (Ossuary)
  A hound zombie (D:6)
  2 mummies (Ossuary)
  8 gnolls
  2 howler monkey skeletons (D:5)
  8 adders
  A river rat (Sewer)
  A shadow imp (D:5)
  2 oozes
  An adder skeleton (D:7)
  2 worms
  4 dart slugs
  3 leopard geckos
  72 orcs
  A ball python (D:1)
  3 bats
  7 giant cockroaches
  6 goblins
  15 hobgoblins
  6 jackals
  3 quokkas
  4 frilled lizards
  A giant cockroach zombie (D:3)
  A goblin zombie (Ossuary)
  10 hobgoblin zombies (Ossuary)
  A jackal zombie (Ossuary)
  11 kobolds
  10 kobold zombies (Ossuary)
  9 orc zombies (Ossuary)
  7 rats
  A rat zombie (Ossuary)
  3 fungi
  6 plants (Lair:6)
499 creatures vanquished.

Vanquished Creatures (others)
  2 blink frogs (Lair:1)
  2 swamp worms (Lair:4)
  2 iguanas (Lair:4)
  4 fungi (Lair:4)
  4 plants (Lair:6)
14 creatures vanquished.

Grand Total: 513 creatures vanquished

Notes
Turn   | Place    | Note
-------+----------+-------------------------------------------
     0 | D:1      | Mrkan the Troll Fighter began the quest for the Orb.
     0 | D:1      | Reached XP level 1. HP: 22/22 MP: 0/0
   128 | D:1      | Reached XP level 2. HP: 29/29 MP: 1/1
   379 | D:1      | Reached skill level 3 in Unarmed Combat
   465 | D:1      | Reached XP level 3. HP: 36/36 MP: 2/2
   746 | D:2      | Found an iron altar of Okawaru.
  1030 | D:2      | Gained mutation: Your natural rate of healing is unusually
                  | fast. [Troll growth]
  1030 | D:2      | Reached XP level 4. HP: 42/45 MP: 3/3
  1366 | D:3      | Reached skill level 4 in Unarmed Combat
  1371 | D:3      | Found a runed translucent gate.
  1372 | D:3      | Found a runed translucent gate.
  1372 | D:3      | Found a runed translucent gate.
  1373 | D:3      | Noticed yrara's ghost (amateur GrFi)
  1702 | D:3      | Reached XP level 5. HP: 53/53 MP: 4/4
  1814 | D:3      | Found a glowing drain.
  1845 | Sewer    | Entered a sewer
  1948 | Sewer    | Reached skill level 5 in Unarmed Combat
  1979 | Sewer    | Found a white marble altar of Elyvilon.
  2048 | Sewer    | Became a worshipper of Elyvilon the Healer
  2544 | D:4      | Noticed Grinder
  2557 | D:4      | Paralysed by Grinder for 3 turns
  2563 | D:4      | Killed Grinder
  2563 | D:4      | Reached skill level 1 in Invocations
  2563 | D:4      | Reached XP level 6. HP: 36/62 MP: 4/6
  2665 | D:4      | Reached * piety under Elyvilon
  2764 | D:4      | Reached skill level 6 in Unarmed Combat
  2764 | D:4      | Reached XP level 7. HP: 66/70 MP: 7/7
  2908 | D:4      | Found Juagag's Antique Armour Emporium.
  3155 | D:4      | Found a runed door.
  3244 | D:4      | Noticed Crazy Yiuf
  3247 | D:4      | Killed Crazy Yiuf
  3298 | D:5      | Entered Level 5 of the Dungeon
  3415 | D:5      | Reached skill level 7 in Unarmed Combat
  3442 | D:5      | Reached ** piety under Elyvilon
  3442 | D:5      | Noticed Pikel
  3465 | D:5      | Killed Pikel
  3465 | D:5      | Reached skill level 5 in Fighting
  3465 | D:5      | Reached skill level 8 in Unarmed Combat
  3465 | D:5      | Reached XP level 8. HP: 80/80 MP: 8/10
  3618 | D:5      | Noticed Ijyb
  3638 | D:5      | Killed Ijyb
  3830 | D:6      | Found a runed translucent door.
  3985 | D:6      | Found a bloodstained altar of Trog.
  3997 | D:6      | Reached skill level 9 in Unarmed Combat
  3997 | D:6      | Reached XP level 9. HP: 76/89 MP: 11/11
  4000 | D:6      | Reached skill level 5 in Invocations
  4202 | D:6      | Found a staircase to the Ecumenical Temple.
  4298 | D:6      | Found a sand-covered staircase.
  4307 | Ossuary  | Entered an ossuary
  4444 | Ossuary  | Reached skill level 10 in Unarmed Combat
  4752 | D:6      | Noticed Rivaler's ghost (novice GnWn)
  4825 | D:7      | Noticed a cyclops
  4834 | D:7      | Killed a cyclops
  4973 | D:7      | Reached XP level 10. HP: 89/100 MP: 13/13
  5132 | D:7      | Noticed a green ugly thing
  5142 | D:7      | Killed a green ugly thing
  5142 | D:7      | Reached skill level 11 in Unarmed Combat
  5698 | D:8      | Reached *** piety under Elyvilon
  5731 | D:8      | Noticed Joseph
  5746 | D:8      | Killed Joseph
  5964 | D:8      | Found a staircase to the Lair.
  6188 | D:8      | Noticed Erica
  6203 | D:8      | Killed Erica
  6361 | D:8      | Reached skill level 12 in Unarmed Combat
  6534 | D:8      | Found Uzelonta's Armour Shop.
  6542 | D:8      | Bought a +2 large shield for 264 gold pieces
  6674 | D:9      | Found Pugiseu's Weapon Shoppe.
  6754 | D:9      | Reached XP level 11. HP: 110/110 MP: 15/15
  6925 | D:9      | Reached **** piety under Elyvilon
  6952 | D:9      | Noticed Maurice
  6989 | D:9      | Killed Maurice
  7120 | D:9      | Found a staircase to the Orcish Mines.
  7340 | D:9      | Found a hazy altar of Hepliaklqana.
  7696 | D:10     | Entered Level 10 of the Dungeon
  8189 | Lair:1   | Entered Level 1 of the Lair of Beasts
  8189 | Lair:1   | Noticed an oklob plant
  8203 | Lair:1   | Killed an oklob plant
  8514 | Lair:1   | Noticed a seven-headed hydra
  8541 | Lair:1   | Pacified a seven-headed hydra
  8882 | Lair:1   | Noticed a seven-headed hydra
  8885 | Lair:1   | Pacified a seven-headed hydra
  8911 | Lair:1   | Reached skill level 5 in Shields
  9200 | Lair:2   | Got a shimmering war axe
  9309 | Lair:2   | Noticed Prince Ribbit
  9309 | Lair:2   | Noticed a seven-headed hydra
  9313 | Lair:2   | Pacified a seven-headed hydra
  9325 | Lair:2   | Killed Prince Ribbit
  9658 | Lair:2   | Reached ***** piety under Elyvilon
  9847 | Lair:3   | Gained mutation: You heal very quickly. [Troll growth]
  9847 | Lair:3   | Reached XP level 12. HP: 95/123 MP: 17/17
 10144 | Lair:3   | Noticed a queen ant
 10171 | Lair:3   | Killed a queen ant
 10214 | Lair:3   | Noticed a four-headed hydra
 10219 | Lair:3   | Pacified a four-headed hydra
 10708 | Lair:3   | Reached skill level 10 in Fighting
 11099 | Lair:4   | Noticed a seven-headed hydra
 11104 | Lair:4   | Pacified a seven-headed hydra
 11530 | Lair:4   | Reached XP level 13. HP: 112/135 MP: 18/18
 11560 | Lair:4   | Found a hole to the Spider Nest.
 12328 | Lair:5   | Noticed Josephine
 12348 | Lair:5   | Killed Josephine
 12549 | Lair:5   | Found a runed door.
 12549 | Lair:5   | Found a viscous altar of Jiyva.
 12552 | Lair:5   | Found a staircase to the Slime Pits.
 13057 | Lair:6   | Entered Level 6 of the Lair of Beasts
 13343 | Lair:6   | Noticed a dire elephant
 13357 | Lair:6   | Killed a dire elephant
 13357 | Lair:6   | Reached skill level 10 in Shields
 13620 | Lair:6   | Reached ****** piety under Elyvilon
 14108 | Lair:6   | Noticed a dire elephant
 14108 | Lair:6   | Noticed a dire elephant
 14109 | Lair:6   | Found the +2 hat of the Bear Spirit {Spirit, +Rage rN+
                  | MR++}
 14119 | Lair:6   | Killed a dire elephant
 14129 | Lair:6   | Killed a dire elephant
 14129 | Lair:6   | Reached skill level 13 in Unarmed Combat
 14201 | Lair:6   | Noticed a dire elephant
 14229 | Lair:6   | Killed a dire elephant
 14346 | Lair:6   | Noticed a dire elephant
 14357 | Lair:6   | Killed a dire elephant
 14357 | Lair:6   | Reached XP level 14. HP: 86/146 MP: 19/19
 14673 | Orc      | Entered the Orcish Mines
 14673 | Orc      | Found Qejimem's Jewellery Emporium.
 14692 | Orc      | Slain by a two-headed ogre

Skill      XL: |  1  2  3  4  5  6  7  8  9 10 11 12 13 |
---------------+----------------------------------------+-----
Unarmed Combat | 3 4 5 6 8 9 10 12 13 | 13.0
Fighting       | 3 4 5 6 7 9 10 11 | 11.3
Invocations    | 1 4 6 7 8 |  8.0
Shields        | 6 8 10 | 10.4
Dodging        | |  2.4

Action                   |  1- 3 |  4- 6 |  7- 9 | 10-12 | 13-15 || total
-------------------------+-------+-------+-------+-------+-------++-------
Melee: Unarmed           |    93 |   147 |   290 |   817 |   384 ||  1731
Invok: Heal Other        |       |       |       |     9 |     7 ||    16
  Use: Potion            |       |       |       |     7 |     1 ||     8
       Scroll            |       |       |       |    24 |       ||    24
 Stab: Sleeping          |       |       |       |     1 |       ||     1
  Eat: Chunk             |     6 |    15 |    15 |    45 |    20 ||   101
Armor: Skin              |    33 |    48 |   104 |   222 |    99 ||   506
Dodge: Dodged            |    32 |    33 |    87 |   157 |   131 ||   440
Block: Shield            |    46 |    67 |   101 |    48 |       ||   262
       Large shield      |       |       |       |   670 |   399 ||  1069
